 Dungeon Crawl Stone Soup version 0.14-a0-1192-g192f278 (webtiles) character file.

144 PolkaDot the Vexing (level 4, -1/30 HPs)
             Began as a Vampire Enchanter on Nov 30, 2013.
             Slain by a hobgoblin
             ... wielding a +0,+0 club
              (4 damage)
             ... on Level 2 of the Dungeon.
             The game lasted 00:06:07 (3107 turns).

PolkaDot the Vexing (Vampire Enchanter)             Turns: 3107, Time: 00:06:07

HP  -1/30        AC  4     Str  8      XL: 4   Next: 18%
MP   7/8         EV 12     Int 17      God:
Gold 64          SH  0     Dex 14      Spells:  2 memorised,  1 level left

rFire  . . .     SeeInvis +     a - +1 dagger
rCold  + + .     Clarity  .     b - +2 robe
rNeg   + + +     Conserve .     (no shield)
rPois  +         rCorr    .     (no helmet)
rElec  .         rRot     +     (no cloak)
SustAb . .       Spirit   .     (no gloves)
rMut   .         Warding  .     (no boots)
Saprov . . .     Stasis   .     (no amulet)
                                (no ring)
                                (no ring)

@: regenerating slowly, slightly resistant to hostile enchantments, stealthy
A: fangs 3, see invisible, unbreathing
a: Bat Form


You were on level 2 of the Dungeon.
You were near bloodless.

You visited 1 branch of the dungeon, and saw 2 of its levels.

You collected 64 gold pieces.

Inventory:

Hand weapons
 a - a +1,+1 dagger (weapon)
Missiles
 d - 12 darts (quivered)
Armour
 b - a +2 robe (worn)
Scrolls
 h - a scroll of amnesia
 j - a scroll of remove curse {unknown}
Books
 c - a book of Maledictions

   Spells                             Type                      Level
   *Corona                            Hexes                        1
   Sure Blade                         Hexes/Charms                 2
   Ensorcelled Hibernation            Hexes/Ice                    2
   *Confuse                           Hexes                        3
   Enslavement                        Hexes                        4
   Invisibility                       Hexes                        6


   Skills:
 * Level 3.8 Short Blades
 - Level 0.7 Throwing
 - Level 2.1 Dodging
 - Level 3.0 Stealth
 - Level 1.0 Spellcasting
 + Level 5.4 Hexes


You had one spell level left.
You knew the following spells:

 Your Spells              Type           Power        Failure   Level  Hunger
a - Corona                Hex            ###....      2%          1    ##.....
c - Confuse               Hex            ###.....     10%         3    ####...


Dungeon Overview and Level Annotations

Branches:
Dungeon (2/16)

Altars:
Fedhas

Annotations:
D:2 Sigmund


Innate Abilities, Weirdness & Mutations

You heal slowly.
You have razor-sharp teeth.*
You have supernaturally acute eyesight.
You can survive without breathing.*


Message History

* * * LOW HITPOINT WARNING * * *
Found 4 tomahawks and a fuming yellow potion.
You aren't carrying any potions.
Read which item? (? for menu, Esc to quit)
As you read the scroll labeled CHUILUI SKOWUF, it crumbles to dust.
Nothing appears to happen.
The hobgoblin barely misses you.
Read which item? (? for menu, Esc to quit)
As you read the scroll labeled WOETAM TIYPT, it crumbles to dust.
Your +1 robe glows black for a moment.
It was a scroll of curse armour.
Read which item? (? for menu, Esc to quit)
As you read the scroll labeled FENTUDY POUSH, it crumbles to dust.
Use on which item? (\ to view known items) (? for menu, Esc to quit)
Nothing appears to happen.
The hobgoblin hits you with a club.
* * * LOW HITPOINT WARNING * * *
Read which item? (? for menu, Esc to quit)
As you read the scroll labeled IXZIRI RIGGO, it crumbles to dust.
Use on which item? (\ to view known items) (? for menu, Esc to quit)
Your cursed +1 robe glows green for a moment.
It was a scroll of enchant armour.
The hobgoblin hits you with a club.
You die...

..... .# ## #...# #.#
.. ...###.# #.
.######.....# .#..
.##...#.....# ##.....
.##...#.....# ...(...
.##...#.....# .!.....
....(.......#####...#
............g@rg@...#
...###..###.#####...#
............# ####
....##..#.g.#
....##..#...#
....##..#####
.#####..# ........#
...#.....


You could see Sigmund (invisible), a hobgoblin, a goblin and a rat.

Vanquished Creatures
  An adder (D:2)
  3 gnolls (D:2)
  A giant gecko (D:1)
  2 giant cockroaches
  6 hobgoblins
  3 jackals (D:2)
  2 ball pythons (D:1)
  8 bats
  4 giant newts
  A goblin (D:1)
  8 kobolds
  10 rats
49 creatures vanquished.

Notes
Turn   | Place    | Note
--------------------------------------------------------------
     0 | D:1      | PolkaDot, the Vampire Enchanter, began the quest for the Orb.
     0 | D:1      | Reached XP level 1. HP: 13/13 MP: 4/4
   304 | D:1      | Reached XP level 2. HP: 14/19 MP: 5/5
  1138 | D:2      | Reached XP level 3. HP: 22/24 MP: 6/6
  1184 | D:2      | HP: 1/24 [poisoned by an adder]
  1482 | D:2      | Reached skill level 5 in Hexes
  2349 | D:2      | Learned a level 3 spell: Confuse
  2379 | D:2      | Reached XP level 4. HP: 20/30 MP: 2/8
  2990 | D:2      | Found a blossoming altar of Fedhas.
  3069 | D:2      | Noticed Sigmund
  3107 | D:2      | Slain by a hobgoblin

Action                   |  1- 3 |  4- 6 || total
-------------------------+-------+-------++-------
Melee: Dagger            |   195 |    32 ||   227
 Cast: Confuse           |     2 |     1 ||     3
  Use: Potion            |     4 |       ||     4
       Scroll            |       |     6 ||     6
 Stab: Confused          |     2 |       ||     2
       Sleeping          |       |     2 ||     2
